 Dungeon Crawl Stone Soup version 0.30.0-29-ga12c61a403 (webtiles) character file.

Game seed: 10493485162453805223

21109 qw the Cleaver (level 12, -5/77 HPs)
             Began as a Gargoyle Fighter on June 3, 2023.
             Was a High Priest of Okawaru.
             Slain by a jumping spider (10 damage)
             ... on level 2 of the Lair of Beasts.
             The game lasted 00:06:30 (10062 turns).

qw the Cleaver (Gargoyle Fighter)                  Turns: 10062, Time: 00:06:31

Health: -5/77      AC: 35    Str: 25    XL:     12   Next: 86%
Magic:  19/19      EV:  9    Int:  9    God:    Okawaru [*****.]
Gold:   769        SH:  6    Dex:  9    Spells: 11/11 levels left

rFire   . . .        Y - +1 war axe (elec)
rCold   . . .        c - +0 buckler
rNeg    + . .        l - +0 plate armour
rPois   inf          f - +0 helmet
rElec   +            j - +0 cloak
rCorr   .            e - +1 pair of gloves
SInv    .            (no boots)
Will    +....        k - amulet of regeneration Stlth
                     r - ring of willpower
HPRegen 1.12/turn    b - +4 ring of protection
MPRegen 0.16/turn

%: no passive effects
@: heroic
A: sickness immunity, AC +8, negative energy resistance 1, electricity
resistance, torment resistance 1, petrification resistance
a: Renounce Religion, Heroism, Finesse, Duel


You were on level 2 of the Lair of Beasts.
You worshipped Okawaru.
Okawaru was extremely pleased with you.
You visited 3 branches of the dungeon, and saw 12 of its levels.

You collected 769 gold pieces.


Innate Abilities, Weirdness & Mutations

You are immune to sickness and miasma.
Your stone body is resilient. (AC +8)
You are immune to poison.
You resist negative energy. (rN+)
You are resistant to electric shocks. (rElec)
You are resistant to unholy torment.
You are immune to petrification.


   Skills:
 - Level 10.0(15.0) Fighting
 + Level 12.9(17.9) Axes
 - Level 1.6(6.6) Throwing
 - Level 9.0(14.0) Armour
 - Level 2.8(7.8) Dodging
 - Level 6.0(11.0) Shields
 - Level 10.0 Invocations


You had 11 spell levels left.
You didn't know any spells.
Your spell library was empty.

Inventory:

Hand Weapons
 s - a +0 morningstar
 Y - a +1 war axe of electrocution (weapon)
Missiles
 g - 4 boomerangs (quivered)
Armour
 c - a +0 buckler (worn)
 e - a +1 pair of gloves (worn)
 f - a +0 helmet (worn)
 j - a +0 cloak (worn)
 l - a +0 plate armour (worn)
 v - +0 acid dragon scales
Jewellery
 b - a +4 ring of protection (right hand)
 k - an amulet of regeneration (around neck)
 r - a ring of willpower (left hand)
Scrolls
 a - 4 scrolls of identify
Potions
 d - 4 potions of might
 h - a potion of magic
 i - a potion of attraction
 m - 3 potions of mutation
 o - 2 potions of cancellation
 p - 5 potions of lignification
 q - 4 potions of curing
 t - a potion of ambrosia {unknown}
 u - a potion of resistance {unknown}

Dungeon Overview and Level Annotations

Branches:
Dungeon (9/15)             Temple (1/1) D:7            Lair (2/5) D:9
 Spider (0/4) Lair:2
  Swamp: Lair:2-3    Shoals: Lair:2-3       Orc: D:9-12

Altars:
Ashenzari
Cheibriados
Dithmenos
Elyvilon
Fedhas
Gozag
Hepliaklqana
Makhleb
Nemelex Xobeh
Okawaru
Qazlal
Ru
Trog
Uskayaw
Vehumet
Wu Jian
The Shining One

Shops:
D:5 (


Message History

The jumping spider bites you.
The jumping spider pounces on you but does no damage.
The jumping spider barely misses you.
The jumping spider pounces on you but does no damage.
The jumping spider bites you but does no damage.
The jumping spider barely misses you.
The jumping spider bites you but does no damage.
The jumping spider pounces on you!
The jumping spider bites you but does no damage.
The jumping spider pounces on you.
You are even more entangled.
The jumping spider bites you but does no damage.
The jumping spider pounces on you!
The jumping spider bites you but does no damage.
The jumping spider barely misses you.
The jumping spider bites you but does no damage.
The jumping spider leaps!
The jumping spider pounces on you but does no damage.
The jumping spider bites you but does no damage.
The jumping spider pounces on you but does no damage.
The jumping spider bites you but does no damage.
The jumping spider pounces on you but does no damage.
The jumping spider bites you but does no damage.
The jumping spider pounces on you but does no damage.
The jumping spider bites you but does no damage.
The jumping spider pounces on you but does no damage.
The jumping spider bites you.
The jumping spider pounces on you but does no damage.
The jumping spider bites you but does no damage.
The jumping spider pounces on you. The jumping spider bites you.
The jumping spider pounces on you but does no damage.
The jumping spider bites you but does no damage.
The jumping spider leaps!
The jumping spider barely misses you.
The jumping spider bites you but does no damage.
The jumping spider completely misses you.
The jumping spider barely misses you.
The jumping spider leaps!
The web tears apart.
The jumping spider pounces on you!
The jumping spider bites you but does no damage.
The jumping spider leaps!
The jumping spider pounces on you!
You die...

.....P# ......###..0#
........#.>..#
........#...^.#
.......?##...0^
#........##.^^.##
#.........#^^.s^#
#.........###^..#####
.........%.#
#!.@##.##
#........(##
##.0s...#
##.......<(# #.....##
#.P.....######.....#
##.......#.#.#...###
#...............#
###.#P....%P#.#.###
#...##....#######
#.........#


You could see 2 jumping spiders.

Vanquished Creatures
  4 two-headed ogres
  Nergalle (Lair:2)
  3 skeletal warriors (D:9)
  Pikel (D:7)
  A manticore (D:8)
  10 cane toads
  2 rime drakes
  6 komodo dragons
  Maggie (Lair:2)
  3 trolls
  2 polar bears
  Sigmund (D:2)
  14 yaks
  A wyvern (Lair:2)
  5 basilisks
  Menkaure (D:7)
  An acid dragon (D:9)
  Duvessa (D:5)
  7 water moccasins
  3 sky beasts
  4 orc warriors
  2 black bears
  2 ogres
  An ice beast (D:7)
  9 wolves
  7 centaurs
  4 lemures (D:7)
  A phantom (D:6)
  4 kobold brigands
  9 bullfrogs
  2 gnoll sergeants (D:8)
  3 scorpions
  6 wights
  Dowan (D:5)
  6 killer bees (D:8)
  2 howler monkeys
  6 jellies
  4 orc priests
  3 hounds
  5 iguanas
  2 sleepcaps
  Natasha (thrice) (D:2)
  10 orc wizards
  Robin (D:4)
  12 gnolls
  11 adders
  2 shadow imps (D:8)
  3 white imps (D:5)
  3 worms
  5 dart slugs
  24 orcs
  10 ball pythons
  6 endoplasms
  4 giant cockroaches
  17 goblins
  10 hobgoblins
  8 quokkas
  7 bats
  5 frilled lizards
  19 kobolds
  9 rats
320 creatures vanquished.

Vanquished Creatures (others)
  An orc wizard (D:5)
1 creature vanquished.

Grand Total: 321 creatures vanquished

Notes
Turn   | Place    | Note
-------+----------+-------------------------------------------
     0 | D:1      | qw the Gargoyle Fighter began the quest for the Orb.
     0 | D:1      | Reached XP level 1. HP: 14/14 MP: 1/1
     0 | D:1      | 0 ||| qw: Version: 0.2-a-103-g5a998e5
     0 | D:1      | 0 ||| qw: Game counter: 1070
     0 | D:1      | 0 ||| qw: Always use a shield: true
     0 | D:1      | 0 ||| qw: God list: Okawaru
     0 | D:1      | 0 ||| qw: Allow faded altars: false
     0 | D:1      | 0 ||| qw: Do Orc after D:15 true
     0 | D:1      | 0 ||| qw: Do second Lair branch before Depths: true
     0 | D:1      | 0 ||| qw: Lair rune preference: random
     0 | D:1      | 0 ||| qw: Plans: Normal, Zot:1-4, Slime:5, God:TSO, Crypt,
                  | Tomb, Pan, Hells, Abyss, Win
     0 | D:1      | 0 ||| PLANNING D:1-11
     5 | D:1      | 5 ||| Stepping ~*~*~tactically~*~*~ (stealth).
    20 | D:1      | Reached skill level 2 in Axes
    25 | D:1      | HP: 2/14 [goblin/+0 dagger (3)]
   189 | D:1      | Reached XP level 2. HP: 19/19 MP: 2/2
   280 | D:1      | 280 ||| Stepping ~*~*~tactically~*~*~ (hiding).
   517 | D:1      | Reached skill level 3 in Axes
   639 | D:1      | Reached XP level 3. HP: 23/23 MP: 3/3
  1015 | D:1      | 1015 ||| UPGRADING to +0 pair of gloves.
  1020 | D:1      | 1020 ||| UPGRADING to +0 cloak.
  1025 | D:1      | 1025 ||| UPGRADING to amulet of regeneration.
  1030 | D:1      | 1030 ||| READING scroll labelled FOORYIT QAUKH.
  1031 | D:1      | 1031 ||| READING scroll labelled MOQOAM DINA.
  1098 | D:2      | 1098 ||| Stepping ~*~*~tactically~*~*~ (stealth).
  1109 | D:2      | 1109 ||| Stepping ~*~*~tactically~*~*~ (hiding).
  1111 | D:2      | 1111 ||| Stepping ~*~*~tactically~*~*~ (hiding).
  1112 | D:2      | 1112 ||| Stepping ~*~*~tactically~*~*~ (hiding).
  1113 | D:2      | 1113 ||| Stepping ~*~*~tactically~*~*~ (hiding).
  1114 | D:2      | 1114 ||| Stepping ~*~*~tactically~*~*~ (hiding).
  1116 | D:2      | 1116 ||| Stepping ~*~*~tactically~*~*~ (hiding).
  1133 | D:2      | Reached skill level 4 in Axes
  1133 | D:2      | Reached XP level 4. HP: 28/28 MP: 4/4
  1138 | D:2      | 1138 ||| Stepping ~*~*~tactically~*~*~ (hiding).
  1150 | D:2      | 1150 ||| DROPPING +0 mace.
  1151 | D:2      | 1151 ||| Stepping ~*~*~tactically~*~*~ (stealth).
  1349 | D:2      | Noticed Natasha
  1365 | D:2      | Killed Natasha
  1366 | D:2      | Reached XP level 5. HP: 18/32 MP: 5/5
  1512 | D:2      | Noticed Natasha
  1523 | D:2      | Killed Natasha
  1532 | D:2      | Reached skill level 5 in Axes
  1681 | D:2      | Noticed Natasha
  1687 | D:2      | Killed Natasha
  1700 | D:2      | Noticed Sigmund
  1709 | D:2      | Killed Sigmund
  1710 | D:2      | Reached XP level 6. HP: 39/40 MP: 6/6
  1821 | D:2      | 1821 ||| UPGRADING to +0 chain mail.
  1831 | D:2      | 1831 ||| DROPPING +0 scale mail.
  1832 | D:2      | 1832 ||| READING scroll labelled FON JIUQUVIOQ.
  1833 | D:2      | 1833 ||| READING scroll labelled QOANICI PALI.
  1834 | D:2      | 1834 ||| READING 5 scrolls of identify.
  1834 | D:2      | 1834 ||| IDENTIFYING fizzy silvery potion
  1835 | D:2      | 1835 ||| READING 4 scrolls of identify.
  1835 | D:2      | 1835 ||| IDENTIFYING golden potion
  1836 | D:2      | 1836 ||| READING 3 scrolls of identify.
  1836 | D:2      | 1836 ||| IDENTIFYING lumpy ruby potion
  1837 | D:2      | 1837 ||| READING 2 scrolls of identify.
  1837 | D:2      | 1837 ||| IDENTIFYING smoky puce potion
  1838 | D:2      | 1838 ||| DROPPING potion of brilliance.
  1839 | D:2      | 1839 ||| DROPPING potion of magic.
  1881 | D:3      | 1881 ||| DROPPING +0 flail.
  2058 | D:3      | 2058 ||| Stepping ~*~*~tactically~*~*~ (stealth).
  2074 | D:3      | 2074 ||| Stepping ~*~*~tactically~*~*~ (stealth).
  2079 | D:3      | 2079 ||| Stepping ~*~*~tactically~*~*~ (stealth).
  2080 | D:3      | 2080 ||| Stepping ~*~*~tactically~*~*~ (stealth).
  2142 | D:3      | Found a broken altar of Ashenzari.
  2407 | D:3      | 2407 ||| READING scroll labelled IDENAU QAQINI.
  2408 | D:3      | 2408 ||| READING 4 scrolls of identify.
  2408 | D:3      | 2408 ||| IDENTIFYING lumpy amethyst potion
  2409 | D:3      | 2409 ||| READING 3 scrolls of identify.
  2409 | D:3      | 2409 ||| IDENTIFYING ruby potion
  2410 | D:3      | 2410 ||| DROPPING potion of invisibility.
  2429 | D:4      | Noticed Robin
  2438 | D:4      | Reached skill level 6 in Axes
  2438 | D:4      | Reached XP level 7. HP: 44/44 MP: 7/7
  2450 | D:4      | Killed Robin
  2451 | D:4      | Reached skill level 1 in Dodging
  2468 | D:4      | 2468 ||| Stepping ~*~*~tactically~*~*~ (hiding).
  2472 | D:4      | 2472 ||| Stepping ~*~*~tactically~*~*~ (hiding).
  2473 | D:4      | 2473 ||| Stepping ~*~*~tactically~*~*~ (hiding).
  2584 | D:4      | 2584 ||| Stepping ~*~*~tactically~*~*~ (hiding).
  2587 | D:4      | 2587 ||| Stepping ~*~*~tactically~*~*~ (hiding).
  2615 | D:4      | 2615 ||| FLEEEEING.
  2708 | D:4      | 2708 ||| Stepping ~*~*~tactically~*~*~ (stealth).
  2714 | D:4      | 2714 ||| Stepping ~*~*~tactically~*~*~ (stealth).
  2790 | D:4      | 2790 ||| Stepping ~*~*~tactically~*~*~ (hiding).
  2913 | D:4      | Reached skill level 7 in Axes
  2965 | D:4      | Reached XP level 8. HP: 50/50 MP: 8/8
  3124 | D:4      | Reached skill level 1 in Throwing
  3162 | D:4      | 3162 ||| UPGRADING to +0 helmet.
  3167 | D:4      | 3167 ||| READING scroll labelled UXTED SIDI.
  3168 | D:4      | 3168 ||| READING scroll labelled RITTUF VUEJO.
  3169 | D:4      | 3169 ||| READING 3 scrolls of identify.
  3169 | D:4      | 3169 ||| IDENTIFYING amethyst potion
  3194 | D:5      | Entered Level 5 of the Dungeon
  3221 | D:5      | Identified the +8 quarterstaff of Heghosung {venom, rN+
                  | Will+ Int+3 SInv}
  3301 | D:5      | 3301 ||| DRINKING potion of curing.
  3301 | D:5      | 3301 ||| (to cure confusion)
  3471 | D:5      | 3471 ||| DROPPING +4 hand axe.
  3510 | D:5      | Found Oloutsox's Antique Weapon Shoppe.
  3510 | D:5      | Noticed a yak
  3529 | D:5      | Killed a yak
  3573 | D:5      | Noticed Dowan
  3576 | D:5      | Noticed Duvessa
  3585 | D:5      | Killed Dowan
  3586 | D:5      | Reached skill level 8 in Axes
  3588 | D:5      | HP: 7/50 [Duvessa/+0 short sword (12)]
  3589 | D:5      | 3589 ||| DRINKING potion of heal wounds.
  3592 | D:5      | Killed Duvessa
  3593 | D:5      | Reached skill level 6 in Fighting
  3984 | D:5      | Identified the +1 robe of the Gravedigger {+Inv}
  4011 | D:5      | Identified the +2 robe of Ogimuwisk {Int+3}
  4069 | D:5      | 4069 ||| READING scroll of enchant armour.
  4069 | D:5      | 4069 ||| ENCHANTING +0 pair of gloves.
  4253 | D:5      | Reached XP level 9. HP: 50/55 MP: 9/9
  4280 | D:5      | 4280 ||| READING scroll labelled OLAAVA RUHE.
  4281 | D:5      | 4281 ||| READING scroll labelled LOR ESUEPPEMO.
  4282 | D:5      | 4282 ||| READING 4 scrolls of identify.
  4282 | D:5      | 4282 ||| IDENTIFYING white potion
  4347 | D:6      | 4347 ||| STAIRDANCE
  4353 | D:5      | Reached skill level 9 in Axes
  4422 | D:6      | Identified the +3 ring mail of Wobyatam {rElec}
  4489 | D:6      | 4489 ||| Stepping ~*~*~tactically~*~*~ (hiding).
  4491 | D:6      | 4491 ||| Stepping ~*~*~tactically~*~*~ (hiding).
  4492 | D:6      | 4492 ||| Stepping ~*~*~tactically~*~*~ (hiding).
  4493 | D:6      | 4493 ||| Stepping ~*~*~tactically~*~*~ (hiding).
  4574 | D:6      | 4574 ||| Stepping ~*~*~tactically~*~*~ (hiding).
  4930 | D:6      | 4930 ||| Stepping ~*~*~tactically~*~*~ (stealth).
  4932 | D:6      | 4932 ||| Stepping ~*~*~tactically~*~*~ (stealth).
  5092 | D:6      | 5092 ||| DROPPING +3 ring mail of Wobyatam {rElec}.
  5093 | D:6      | 5093 ||| READING scroll labelled JONOKU SEORROR.
  5171 | D:7      | Found a staircase to the Ecumenical Temple.
  5172 | D:7      | 5172 ||| PLANNING TEMPLE
  5198 | Temple   | Entered the Ecumenical Temple
  5199 | Temple   | 5199 ||| PLANNING OKAWARU WORSHIP
  5324 | Temple   | Became a worshipper of Warmaster Okawaru
  5324 | Temple   | 5324 ||| PLANNING D:1-11
  5530 | D:7      | 5530 ||| Stepping ~*~*~tactically~*~*~ (hiding).
  5531 | D:7      | 5531 ||| Stepping ~*~*~tactically~*~*~ (hiding).
  5549 | D:7      | 5549 ||| Stepping ~*~*~tactically~*~*~ (stealth).
  5551 | D:7      | 5551 ||| Stepping ~*~*~tactically~*~*~ (hiding).
  5658 | D:7      | Noticed Menkaure
  5659 | D:7      | 5659 ||| FLEEEEING.
  5667 | D:7      | 5667 ||| Stepping ~*~*~tactically~*~*~ (hiding).
  5677 | D:7      | Killed Menkaure
  5678 | D:7      | Reached skill level 10 in Axes
  5738 | D:7      | 5738 ||| Stepping ~*~*~tactically~*~*~ (stealth).
  5741 | D:7      | Noticed Pikel
  5771 | D:7      | Killed Pikel
  5771 | D:7      | Reached * piety under Okawaru
  5772 | D:7      | Reached XP level 10. HP: 48/63 MP: 10/10
  5860 | D:7      | Found a glowing golden altar of the Shining One.
  5861 | D:7      | Found a stormy altar of Qazlal.
  5922 | D:7      | 5922 ||| READING 3 scrolls of identify.
  5922 | D:7      | 5922 ||| IDENTIFYING silvery potion
  6036 | D:8      | 6036 ||| Stepping ~*~*~tactically~*~*~ (stealth).
  6038 | D:8      | 6038 ||| Stepping ~*~*~tactically~*~*~ (stealth).
  6043 | D:8      | Noticed a two-headed ogre
  6044 | D:8      | 6044 ||| INVOKING Heroism.
  6054 | D:8      | Reached skill level 1 in Invocations
  6055 | D:8      | Killed a two-headed ogre
  6055 | D:8      | Reached ** piety under Okawaru
  6100 | D:8      | Identified the +5 spear of Agiyruof {antimagic, rElec
                  | Will++ Int+4}
  6134 | D:8      | Reached skill level 3 in Invocations
  6142 | D:8      | 6142 ||| INVOKING Heroism.
  6169 | D:8      | 6169 ||| Stepping ~*~*~tactically~*~*~ (stealth).
  6225 | D:8      | 6225 ||| Stepping ~*~*~tactically~*~*~ (water).
  6347 | D:8      | 6347 ||| Stepping ~*~*~tactically~*~*~ (stealth).
  6360 | D:8      | 6360 ||| INVOKING Heroism.
  6429 | D:8      | 6429 ||| INVOKING Heroism.
  6446 | D:8      | Reached skill level 11 in Axes
  6451 | D:8      | Reached *** piety under Okawaru
  6502 | D:8      | 6502 ||| INVOKING Heroism.
  6534 | D:8      | 6534 ||| Stepping ~*~*~tactically~*~*~ (stealth).
  6536 | D:8      | 6536 ||| Stepping ~*~*~tactically~*~*~ (stealth).
  6612 | D:8      | 6612 ||| Stepping ~*~*~tactically~*~*~ (stealth).
  6614 | D:8      | 6614 ||| INVOKING Heroism.
  6616 | D:8      | 6616 ||| Stepping ~*~*~tactically~*~*~ (hiding).
  6618 | D:8      | Noticed a manticore
  6624 | D:8      | Killed a manticore
  6642 | D:8      | Reached XP level 11. HP: 62/68 MP: 14/14
  6648 | D:8      | 6648 ||| INVOKING Heroism.
  6674 | D:8      | 6674 ||| INVOKING Heroism.
  6680 | D:8      | Reached skill level 9 in Fighting
  6844 | D:8      | 6844 ||| Stepping ~*~*~tactically~*~*~ (stealth).
  6983 | D:8      | 6983 ||| Stepping ~*~*~tactically~*~*~ (hiding).
  7020 | D:8      | 7020 ||| UPGRADING to +0 plate armour.
  7030 | D:8      | 7030 ||| DROPPING +0 chain mail.
  7031 | D:8      | 7031 ||| UPGRADING to ring of willpower.
  7032 | D:8      | 7032 ||| READING 2 scrolls of identify.
  7032 | D:8      | 7032 ||| IDENTIFYING pink potion
  7033 | D:8      | 7033 ||| DROPPING potion of berserk rage.
  7071 | D:9      | 7071 ||| Stepping ~*~*~tactically~*~*~ (stealth).
  7074 | D:9      | Noticed a two-headed ogre
  7075 | D:9      | 7075 ||| INVOKING Heroism.
  7086 | D:9      | Reached **** piety under Okawaru
  7097 | D:9      | Killed a two-headed ogre
  7120 | D:9      | Found a staircase to the Lair.
  7180 | D:9      | 7180 ||| Stepping ~*~*~tactically~*~*~ (stealth).
  7182 | D:9      | 7182 ||| Stepping ~*~*~tactically~*~*~ (hiding).
  7326 | D:9      | 7326 ||| Stepping ~*~*~tactically~*~*~ (hiding).
  7454 | D:9      | 7454 ||| Stepping ~*~*~tactically~*~*~ (hiding).
  7487 | D:9      | 7487 ||| Stepping ~*~*~tactically~*~*~ (stealth).
  7489 | D:9      | 7489 ||| Stepping ~*~*~tactically~*~*~ (stealth).
  7500 | D:9      | 7500 ||| DROPPING +2 flail of holy wrath.
  7636 | D:9      | 7636 ||| Stepping ~*~*~tactically~*~*~ (hiding).
  7659 | D:9      | 7659 ||| Stepping ~*~*~tactically~*~*~ (stealth).
  7662 | D:9      | 7662 ||| Stepping ~*~*~tactically~*~*~ (stealth).
  7663 | D:9      | 7663 ||| INVOKING Heroism.
  8010 | D:9      | Noticed a two-headed ogre
  8010 | D:9      | 8010 ||| INVOKING Heroism.
  8018 | D:9      | Noticed a two-headed ogre
  8029 | D:9      | Killed a two-headed ogre
  8030 | D:9      | Reached skill level 6 in Invocations
  8034 | D:9      | Killed a two-headed ogre
  8034 | D:9      | Reached ***** piety under Okawaru
  8035 | D:9      | Reached skill level 12 in Axes
  8126 | D:9      | Noticed a skeletal warrior
  8127 | D:9      | 8127 ||| INVOKING Heroism.
  8142 | D:9      | Killed a skeletal warrior
  8157 | D:9      | Noticed a skeletal warrior
  8157 | D:9      | Noticed a skeletal warrior
  8158 | D:9      | 8158 ||| INVOKING Heroism.
  8165 | D:9      | Killed a skeletal warrior
  8166 | D:9      | Killed a skeletal warrior
  8167 | D:9      | Reached XP level 12. HP: 59/76 MP: 15/17
  8361 | D:9      | 8361 ||| PLANNING LAIR
  8361 | D:9      | 8361 ||| UPGRADING to +4 ring of protection.
  8362 | D:9      | 8362 ||| READING scroll labelled HYKHLI REIKHI.
  8363 | D:9      | 8363 ||| READING 4 scrolls of identify.
  8363 | D:9      | 8363 ||| IDENTIFYING black potion
  8364 | D:9      | 8364 ||| DROPPING potion of degeneration.
  8404 | Lair:1   | Entered Level 1 of the Lair of Beasts
  8421 | Lair:1   | 8421 ||| Stepping ~*~*~tactically~*~*~ (stealth).
  8423 | Lair:1   | 8423 ||| Stepping ~*~*~tactically~*~*~ (stealth).
  8424 | Lair:1   | 8424 ||| Stepping ~*~*~tactically~*~*~ (stealth).
  8434 | Lair:1   | Reached skill level 9 in Armour
  8554 | Lair:1   | 8554 ||| INVOKING Heroism.
  8599 | Lair:1   | 8599 ||| Stepping ~*~*~tactically~*~*~ (stealth).
  8600 | Lair:1   | 8600 ||| Stepping ~*~*~tactically~*~*~ (stealth).
  8665 | Lair:1   | Reached skill level 6 in Shields
  8665 | Lair:1   | 8665 ||| INVOKING Heroism.
  8721 | Lair:1   | 8721 ||| Stepping ~*~*~tactically~*~*~ (stealth).
  8724 | Lair:1   | 8724 ||| INVOKING Heroism.
  8731 | Lair:1   | 8731 ||| Stepping ~*~*~tactically~*~*~ (stealth).
  8788 | Lair:1   | 8788 ||| Stepping ~*~*~tactically~*~*~ (hiding).
  8838 | Lair:1   | 8838 ||| INVOKING Heroism.
  8846 | Lair:1   | Reached skill level 9 in Invocations
  8955 | Lair:1   | 8955 ||| INVOKING Heroism.
  9441 | Lair:2   | Noticed Maggie
  9454 | Lair:2   | Killed Maggie
  9474 | Lair:2   | 9474 ||| INVOKING Heroism.
  9492 | Lair:2   | Noticed Nergalle
  9505 | Lair:2   | HP: 16/76 [spectral orc warlord/+1 battleaxe of
                  | flaming[Nergalle] (6)]
  9506 | Lair:2   | 9506 ||| DRINKING 3 potions of heal wounds.
  9518 | Lair:2   | Killed Nergalle
  9588 | Lair:2   | 9588 ||| Stepping ~*~*~tactically~*~*~ (hiding).
  9706 | Lair:2   | 9706 ||| Stepping ~*~*~tactically~*~*~ (stealth).
  9731 | Lair:2   | 9731 ||| INVOKING Heroism.
  9825 | Lair:2   | 9825 ||| INVOKING Heroism.
  9994 | Lair:2   | Found a hole to the Spider Nest.
 10015 | Lair:2   | 10015 ||| INVOKING Heroism.
 10039 | Lair:2   | HP: 16/77 [jumping spider (11)]
 10040 | Lair:2   | 10040 ||| DRINKING 2 potions of heal wounds.
 10045 | Lair:2   | 10045 ||| INVOKING Heroism.
 10050 | Lair:2   | HP: 19/77 [jumping spider (9)]
 10051 | Lair:2   | 10051 ||| DRINKING potion of heal wounds.
 10056 | Lair:2   | HP: 11/77 [jumping spider (9)]
 10062 | Lair:2   | HP: 5/77 [jumping spider (7)]
 10062 | Lair:2   | Slain by a jumping spider

Levels and vault maps discovered:
D:1:      arrival_zaba_pyramid, layout_basic
D:2:      layout_basic, serial_bayou_pond_b, minmay_cut_off, uniq_natasha,
          uniq_sigmund
D:3:      layout_rooms, evilmike_ruin_ashenzari, kennysheep_cross_room,
          hangedman_decor_push
D:4:      layout_loops_cross, uniq_robin
D:5:      layout_basic, grunt_ministairs_5, kennysheep_windowed_goal,
          uniq_duvessa
D:6:      layout_gridville
D:7:      layout_basic, gammafunk_temple_overflow_pools,
          minmay_temple_entry_butterflies, uniq_pikel, uniq_menkaure
D:8:      minmay_spotlight, layout_basic, nzn_random_ring
D:9:      layout_loops_corners, minmay_lair_entry_grove, lightli_orcish_oven
Temple:   nicolae_temple_two_arcs
Lair:1:   layout_regular_city, beast_lair_carwin_8
Lair:2:   layout_cave_shapes, palyth_hydra_swamp_entry,
          spider_nest_entry_funnel_web, uniq_nergalle, uniq_maggie

Skill      XL: |  1  2  3  4  5  6  7  8  9 10 11 12 |
---------------+-------------------------------------+-----
Axes           | 2 3 4 5 6 7 8 10 11 12 | 12.9
Fighting       | 5 6 7 8 9 10 | 10.0
Dodging        | 1 2 |  2.8
Throwing       | 1 |  1.6
Armour         | 4 7 8 9 |  9.0
Shields        | 4 5 6 |  6.0
Invocations    | 4 7 10 | 10.0

Action                     |  1- 3 |  4- 6 |  7- 9 | 10-12 || total
---------------------------+-------+-------+-------+-------++-------
  Melee: War axe           |   100 |   184 |   367 |   503 ||  1154
  Throw: Boomerang         |       |       |    45 |    58 ||   103
 Invoke: Heroism           |       |       |       |    23 ||    23
    Use: Scroll            |     2 |     9 |     8 |     4 ||    23
         Potion            |       |       |     2 |     3 ||     5
 Armour: Scale mail        |    43 |    79 |       |       ||   122
         Chain mail        |       |    41 |   255 |   112 ||   408
         Plate armour      |       |       |       |   279 ||   279
  Dodge: Dodged            |    41 |   113 |   156 |   195 ||   505
  Block: Buckler           |    23 |    39 |    84 |   113 ||   259

Table legend:
 A = Non-vault XP
 B = Vault XP
 C = Vault XP percentage of total XP
 D = Non-vault monster count
 E = Vault monster count
 F = Vault count percentage of total count
                 A         B        C        D         E       F
            +---------+---------+-------+---------+---------+-------
      Total |   17854 |   12303 |  40.8 |     239 |      78 |  24.6
            +---------+---------+-------+---------+---------+-------
        D:1 |      50 |       0 |   0.0 |      26 |       0 |   0.0
        D:2 |     175 |     258 |  59.6 |      29 |       7 |  19.4
        D:3 |     123 |       0 |   0.0 |      22 |       0 |   0.0
        D:4 |     693 |      35 |   4.8 |      23 |      12 |  34.3
        D:5 |     531 |     544 |  50.6 |      20 |       7 |  25.9
        D:6 |    1095 |       0 |   0.0 |      20 |       0 |   0.0
        D:7 |     707 |     783 |  52.6 |      11 |       2 |  15.4
        D:8 |    2313 |    3248 |  58.4 |      27 |      21 |  43.8
        D:9 |    4837 |    3006 |  38.3 |      28 |      18 |  39.1
     Lair:1 |    2841 |    3290 |  53.7 |      13 |       9 |  40.9
     Lair:2 |    4489 |    1139 |  20.2 |      20 |       2 |   9.1
            +---------+---------+-------+---------+---------+-------
